 Dungeon Crawl Stone Soup version 0.29-a0-813-g4a14ea37d6 (webtiles) character file.

Game seed: 5961344555573835632

1103 xian the Cutter (level 8, -6/75 HPs)
             Began as a Troll Brigand on July 4, 2022.
             Was an Initiate of Dithmenos.
             Killed by divine providence
             ... invoked by an orc priest
              (10 damage)
             ... on level 6 of the Dungeon.
             The game lasted 00:15:02 (5573 turns).

xian the Cutter (Troll Brigand)                     Turns: 5573, Time: 00:15:03

Health: -6/75      AC: 11    Str: 22    XL:     8   Next: 11%
Magic:  7/7        EV: 11    Int:  7    God:    Dithmenos [......]
Gold:   187        SH:  0    Dex: 17    Spells: 7/7 levels left

rFire   . . .      SeeInvis .   a - +3 dagger
rCold   . . .      Faith    .   (no shield)
rNeg    . . .      Spirit   .   b - +0 robe
rPois   .          Reflect  .   (helmet restricted)
rElec   .          Harm     .   c - +2 cloak
rCorr   .          Rampage  .   (gloves unavailable)
Will    .....                   (boots unavailable)
Stlth   +++.......              y - amulet of the acrobat
HPRegen 1.02/turn               k - +6 ring of dexterity
MPRegen 0.10/turn               j - +4 ring of protection

@: no status effects
A: large, unfitting armour, claws 3, regeneration 1, shaggy fur 1, tough skin 1
a: Renounce Religion


You were on level 6 of the Dungeon.
You worshipped Dithmenos.
Dithmenos was noncommittal.
You visited 2 branches of the dungeon, and saw 7 of its levels.

You collected 187 gold pieces.

Inventory:

Hand Weapons
 a - a +3 dagger (weapon)
Missiles
 d - 19 poisoned darts (quivered)
 e - 3 curare-tipped darts
 s - a throwing net
Armour
 b - a +0 robe (worn)
 c - a +2 cloak (worn)
Jewellery
 f - a ring of magical power
 h - an amulet of guardian spirit
 j - a +4 ring of protection (right claw)
 k - a +6 ring of dexterity (left claw)
 y - an amulet of the acrobat (around neck)
Wands
 u - a wand of acid (4)
Scrolls
 g - a scroll of summoning
 i - a scroll of blinking
 l - a scroll of amnesia
 m - 2 scrolls of magic mapping
 n - 2 scrolls of teleportation
 p - a scroll of fear
 w - 3 scrolls of poison
Potions
 o - 2 potions of lignification
 q - 2 potions of haste {unknown}
 r - a potion of curing
 t - a potion of experience {unknown}
 v - a potion of mutation {unknown}
 x - a potion of might {unknown}
 z - 2 potions of flight {unknown}
 A - a potion of brilliance {unknown}


   Skills:
 + Level 3.3 Fighting
 + Level 5.0 Short Blades
 + Level 1.9 Throwing
 + Level 4.1 Dodging
 + Level 3.5 Stealth


You had 7 spell levels left.
You didn't know any spells.
Your spell library contained the following spells:

 Spells                   Type           Power      Damage    Failure   Level
 Sting                    Tmut/Pois      0%         1d3       43%         1
 Poisonous Vapours        Pois/Air       0%         N/A       56%         2
 Scorch                   Fire           0%         2d5       56%         2
 Gell's Gravitas          Tloc           0%         N/A       80%         3
 Lesser Beckoning         Tloc           0%         N/A       80%         3
 Teleport Other           Tloc           0%         N/A       80%         3
 Flame Wave               Conj/Fire      0%         2d4       99%         4
 Olgreb's Toxic Radiance  Pois           0%         N/A       99%         4
 Summon Cactus Giant      Summ           0%         N/A       100%        6


Dungeon Overview and Level Annotations

Branches:
Dungeon (6/15)             Temple (1/1) D:5

Altars:
Ashenzari
Dithmenos
Fedhas
Gozag
Hepliaklqana
Kikubaaqudgha
Nemelex Xobeh
Ru
Sif Muna
Trog
Uskayaw
Wu Jian
Xom
Yredelemnul
Zin

Shops:
D:1 *


Innate Abilities, Weirdness & Mutations

You are too large for most types of armour.
You have claws for hands.
Your natural rate of healing is unusually fast.
You are covered in fur. (AC +1)
You have tough skin. (AC +1)


Message History

The orc hits you but does no damage. The orc priest barely misses you.
You hit the orc priest but do no damage.
The orc priest is moderately wounded.
The orc hits you with a +0 dagger. The orc hits you but does no damage.
The orc priest hits you with a +0 whip.
The orc priest calls down the wrath of Beogh upon you.
Beogh smites you!
You hit the orc priest but do no damage.
The orc priest is moderately wounded.
You hit the orc priest but do no damage.
The orc priest is moderately wounded.
The orc priest calls down the wrath of Beogh upon you.
Beogh smites you! The orc hits you but does no damage.
The orc priest hits you but does no damage.
The orc hits you but does no damage.
You hit the orc priest.
The orc priest is moderately wounded.
The orc hits you but does no damage. x2; The orc priest closely misses you.
The orc priest hits you but does no damage.
You hit the orc priest but do no damage.
The orc priest is moderately wounded.
The orc priest hits you with a +0 club. The orc hits you but does no damage.
The orc barely misses you.
The orc priest invokes the aid of Beogh against you.
Beogh smites you!
* * * LOW HITPOINT WARNING * * *
You feel better. The orc barely misses you.
The orc priest invokes the aid of Beogh against you.
Beogh smites you!
* * * LOW HITPOINT WARNING * * *
The orc priest hits you with a +0 club.
* * * LOW HITPOINT WARNING * * *
The orc hits you with a +0 short sword.
* * * LOW HITPOINT WARNING * * *
Blink to where?
Press: ? - help, Dir - move target
As you read the scroll of blinking, it crumbles to dust.
The orc priest invokes the aid of Beogh against you.
Beogh smites you!
You die...

.........## #....#........
.....#..## ##.##...........
....##..#####...............
....#.....##.................
......#...#...##!............
.##...###.....##....??.......
.##..####..............^.....
###.###.......##.............
##..##.#..#..##.@............
.#..§.....##.##.....o........
...#.....##..##..#..o§.......
...##...........##..oo.#####.
...............)......##
....#............####.#
................# ...#
.##.............# #... ..
............## ....


You could see 2 orc priests and 2 orcs.

Vanquished Creatures
  A water moccasin (D:5)
  3 phantoms
  2 scorpions (D:5)
  7 orc priests
  A hound (D:5)
  A gnoll bouda (D:5)
  2 iguanas (D:5)
  2 orc wizards (D:5)
  Terence (D:2)
  7 gnolls
  8 adders
  3 worms
  A dart slug (D:4)
  28 orcs
  3 bats
  6 endoplasms
  4 giant cockroaches
  5 hobgoblins
  4 jackals (D:2)
  5 quokkas
  3 ball pythons
  A frilled lizard (D:3)
  6 goblins
  7 kobolds
  22 rats
133 creatures vanquished.

Notes
Turn   | Place    | Note
-------+----------+-------------------------------------------
     0 | D:1      | xian the Troll Brigand began the quest for the Orb.
     0 | D:1      | Reached XP level 1. HP: 19/19 MP: 0/0
   377 | D:1      | Found Jossemin's General Store.
   404 | D:1      | Found a faded altar of an unknown god.
   471 | D:1      | Reached XP level 2. HP: 20/28 MP: 1/1
   811 | D:1      | Reached skill level 1 in Dodging
  1315 | D:2      | Noticed a phantom
  1362 | D:2      | Reached XP level 3. HP: 28/35 MP: 2/2
  1369 | D:2      | Killed a phantom
  1370 | D:2      | Reached skill level 2 in Short Blades
  1370 | D:2      | Reached XP level 4. HP: 38/42 MP: 3/3
  1768 | D:2      | Noticed Terence
  1773 | D:2      | Killed Terence
  1774 | D:2      | Reached XP level 5. HP: 49/49 MP: 4/4
  2360 | D:3      | Found an ancient bone altar of Kikubaaqudgha.
  2408 | D:3      | Found a sacrificial altar of Ru.
  3506 | D:4      | Reached skill level 3 in Short Blades
  3637 | D:4      | Reached XP level 6. HP: 32/57 MP: 5/5
  3743 | D:4      | Found a blossoming altar of Fedhas.
  3894 | D:4      | Found an opulent altar of Gozag.
  4338 | D:5      | Entered Level 5 of the Dungeon
  4502 | D:5      | Reached XP level 7. HP: 62/66 MP: 6/6
  4522 | D:5      | Reached skill level 4 in Short Blades
  5032 | D:5      | Found a staircase to the Ecumenical Temple.
  5063 | Temple   | Entered the Ecumenical Temple
  5151 | Temple   | Became a worshipper of Dithmenos the Shadowed
  5493 | D:6      | Reached XP level 8. HP: 75/75 MP: 7/7
  5558 | D:6      | Reached skill level 5 in Short Blades
  5572 | D:6      | HP: 3/75 [orc/+0 short sword (2)]
  5573 | D:6      | Killed from afar by an orc priest

Illustrated notes

Levels and vault maps discovered:
D:1:      lightli_iron_boxes, layout_basic, hellmonk_ecumenical_altar_lost_god,
          serial_shops, shop
D:2:      layout_basic, serial_rivers, chequers_serial_rivers_large_a,
          chequers_serial_rivers_micro_d, chequers_serial_rivers_marsh,
          chequers_serial_rivers_marsh, chequers_serial_rivers_room_b,
          uniq_terence
D:3:      layout_basic, mainiacjoe_overflow_boulevard,
          nicolae_overflow_crystal_walls
D:4:      layout_basic, general_overflow_altar, lemuel_doored_altar,
          serial_rivers, chequers_serial_rivers_small_3,
          chequers_serial_rivers_marsh, chequers_serial_rivers_room_b,
          chequers_serial_rivers_marsh, chequers_serial_rivers_large_b,
          chequers_serial_rivers_room_b, minmay_rat_hole
D:5:      layout_loops_ring, minmay_temple_entry_junction, kennysheep_potato
D:6:      layout_cave_pools, kennysheep_okawaru_gauntlet,
          nicolae_elyvilon_peaceful_grove, uniq_menkaure
Temple:   nicolae_temple_god_jail

Skill      XL: |  1  2  3  4  5  6  7  8 |
---------------+-------------------------+-----
Dodging        | 1 2 3 4 |  4.1
Short Blades   | 2 3 4 5 |  5.0
Fighting       | 2 3 |  3.3
Stealth        | 3 |  3.5
Throwing       | |  1.9

Action                   |  1- 3 |  4- 6 |  7- 9 || total
-------------------------+-------+-------+-------++-------
Melee: Dagger            |   114 |   352 |   275 ||   741
       Punch             |       |     3 |     5 ||     8
  Use: Scroll            |     9 |     6 |     2 ||    17
       Potion            |       |       |     1 ||     1
 Stab: Sleeping          |     3 |    11 |     2 ||    16
Armor: Robe              |    66 |   156 |   118 ||   340
Dodge: Dodged            |    56 |   165 |   119 ||   340

Table legend: (Time is in decaauts)
 A = Elapsed time spent in this place.
 B = Non-inter-level travel time spent in this place.
 C = Inter-level travel time spent in this place.
 D = Time resting spent in this place.
 E = Time spent auto-exploring this place.
 F = Levels seen in this place.
 G = Mean time per level.
                   A        B        C        D        E       F      G
               +--------+--------+--------+--------+--------+-----+--------+
         Total |   5502 |   5352 |    150 |    100 |   3418 |   7 |  786.0 |
       Dungeon |   5402 |   5263 |    139 |    100 |   3354 |   6 |  900.3 |
        Temple |    100 |     89 |     11 |      0 |     64 |   1 |  100.0 |
               +--------+--------+--------+--------+--------+-----+--------+

Top non-repeatable levels by time:
     D:1: 1284 daAuts
     D:3: 1139 daAuts
     D:2: 984 daAuts
     D:4: 933 daAuts
     D:5: 933 daAuts
     D:6: 125 daAuts
  Temple: 100 daAuts
